 Dungeon Crawl Stone Soup version 0.20-a0-77-g476458c (webtiles) character file.

51 KristoblXynda the Charmwright (level 3, -1/29 HPs)
             Began as a Draconian Skald on Nov 19, 2016.
             Slain by Sigmund
             ... wielding a +2 scythe of flaming
              (4 damage)
             ... on level 2 of the Dungeon.
             The game lasted 00:01:28 (1427 turns).

KristoblXynda the Charmwright (Draconian Skald)     Turns: 1427, Time: 00:01:29

Health: -1/29      AC:  5    Str: 14    XL:     3   Next: 58%
Magic:  6/6        EV: 18    Int: 13    God:
Gold:   16         SH:  0    Dex: 15    Spells: 1 memorised, 5 levels left

rFire  . . .     SeeInvis .     a - +0 hand axe
rCold  . . .     Gourm    .     (armour unavailable)
rNeg   . . .     Faith    .     (no shield)
rPois  .         Spirit   .     (helmet restricted)
rElec  .         Reflect  .     (no cloak)
rCorr  .         Harm     .     (no gloves)
MR     .....                    (no boots)
Stlth  ++........               (no amulet)
                                (no ring)
                                (no ring)

@: agile, very slightly contaminated, hasted, very quick
A: unfitting armour, cold-blooded, AC +5
a: no special abilities


You were on level 2 of the Dungeon.
You were not hungry.

You visited 1 branch of the dungeon, and saw 2 of its levels.

You collected 16 gold pieces.

Inventory:

Hand Weapons
 a - a +0 hand axe (weapon)
Scrolls
 e - a scroll of immolation {unknown}
 f - 2 scrolls of remove curse {unknown}
 g - a scroll of identify {unknown}
 i - a scroll of magic mapping {unknown}
 j - a scroll of teleportation {unknown}
Potions
 d - a potion of haste
Books
 b - a book of Battle

   Spells                             Type                      Level
   a - Infusion                       Charms                       1
   b - Shroud of Golubria             Charms/Translocation         2
   c - Song of Slaying                Charms                       2
   d - Spectral Weapon                Hexes/Charms                 3
   e - Regeneration                   Charms/Necromancy            3
Comestibles
 c - 2 bread rations
 k - a slice of pizza
 l - 2 chunks of flesh


   Skills:
 - Level 2.1 Fighting
 + Level 2.8 Axes
 + Level 2.4 Dodging
 - Level 2.0 Spellcasting
 + Level 3.0 Charms


You had 5 spell levels left.
You knew the following spells:

 Your Spells              Type           Power        Failure   Level  Hunger
a - Infusion              Chrm           #...         10%         1    ##.....


Dungeon Overview and Level Annotations

Branches:
Dungeon (2/15)

Altars:

Annotations:
D:2 Sigmund


Innate Abilities, Weirdness & Mutations

Your plain brown scales are hard. (AC +5)
You cannot fit into any form of body armour.
You are cold-blooded and may be slowed by cold attacks.


Message History

You closely miss Sigmund.
Sigmund is heavily wounded.
Sigmund hits you with a scythe of flaming.
Sigmund burns you.
You hit Sigmund.
Sigmund is heavily wounded.
Sigmund closely misses you.
It was a potion of haste.
You feel yourself speed up.
Sigmund hits you with a scythe of flaming!
* * * LOW HITPOINT WARNING * * *
Sigmund burns you.
* * * LOW HITPOINT WARNING * * *
You are very lightly contaminated with residual magic.
Unknown command.
You hit Sigmund but do no damage. You tail-slap Sigmund.
Sigmund is heavily wounded.
You closely miss Sigmund.
Sigmund is heavily wounded.
Sigmund hits you with a scythe of flaming.
You die...

##.# ... ..## # ...##
#.#... #.#..# .# #
#..@.# .#
#.###@#########.#
#.#.............#
####....)..........
#....#...........#
#....#.#.###...#)######
#...>..................
#....#.#.###.#.#.######
#.$..#.......#.#.# #...
#.#.#####.#..


You could see Sigmund.

Vanquished Creatures
  2 adders (D:2)
  An ooze (D:1)
  2 dart slugs (D:1)
  4 bats
  2 giant cockroaches (D:1)
  2 goblins
  4 hobgoblins
  3 kobolds (D:1)
  A frilled lizard (D:1)
  4 rats (D:1)
25 creatures vanquished.

Notes
Turn   | Place    | Note
-------+----------+-------------------------------------------
     0 | D:1      | KristoblXynda the Draconian Skald began the quest for the Orb.
     0 | D:1      | Reached XP level 1. HP: 17/17 MP: 3/3
   159 | D:1      | Reached XP level 2. HP: 14/24 MP: 5/5
   573 | D:1      | Reached XP level 3. HP: 10/29 MP: 6/6
   957 | D:2      | Reached skill level 3 in Charms
  1409 | D:2      | Noticed Sigmund
  1427 | D:2      | Slain by Sigmund

Vault maps used:
D:1:      nicolae_arrival_somewhat_less_tricky_arrival, minmay_misc_feat_tower,
          hangedman_decor_opposing, minmay_pentomino_o2
D:2:      first_bread, uniq_sigmund

Skill      XL: |  1  2  3 |
---------------+----------+-----
Dodging        | 2 |  2.4
Charms         | 3 |  3.0
Fighting       | |  2.1
Axes           | |  2.8
Spellcasting   | |  2.0

Action                   || total
-------------------------++-------
Melee: Hand axe          ||    91
       Tailslap          ||    10
  Use: Potion            ||     2
  Eat: Chunk             ||     2
Armor: Skin              ||    31
Dodge: Dodged            ||    77
